 Dungeon Crawl Stone Soup version 0.23.2-40-g277498a (webtiles) character file.

Game seed: 963136248919339147

73681 bbtc the Severer (level 15, -3/138 HPs)
             Began as a Minotaur Berserker on Sept 20, 2019.
             Was a High Priest of Trog.
             Slain by a cyan ugly thing (13 damage)
             ... on level 14 of the Dungeon on Sept 21, 2019.
             The game lasted 01:21:35 (21999 turns).

bbtc the Severer (Minotaur Berserker)              Turns: 21999, Time: 01:21:36

Health: -3/138     AC: 24    Str: 26      XL:     15   Next: 4%
Magic:  17/17      EV: 10    Int:  5 (7)  God:    Trog [*****.]
Gold:   542        SH: 15    Dex: 12      Spells: 14/14 levels left

rFire    . . .     SeeInvis .   a - +3 war axe "Secret Weapon" {pain, MR+ Int+3}
rCold    . . .     Gourm    +   y - +1 shield {AC+3}
rNeg     . . .     Faith    .   U - +0 plate armour {MR+}
rPois    .         Spirit   .   G - +2 hat
rElec    .         Reflect  .   E - scarf {repulsion}
rCorr    .         Harm     .   Q - +0 pair of gloves
MR       +++++                  N - +0 pair of boots
Stlth    ..........             n - amulet of the gourmand
HPRegen  1.33/turn              I - ring of stealth
MPRegen  0.15/turn              M - ring of protection from magic

@: berserk cooldown, regenerating, slowed, repel missiles, very slow
A: retaliatory headbutt, horns 2
a: Berserk, Trog's Hand, Brothers in Arms, Renounce Religion


You were on level 14 of the Dungeon.
You worshipped Trog.
Trog was extremely pleased with you.
You were very full.

You visited 2 branches of the dungeon, and saw 20 of its levels.
You visited 1 bazaar.
You also visited: Ossuary.

You collected 1857 gold pieces.
You spent 1315 gold pieces at shops.

Inventory:

Hand Weapons
 a - the +3 war axe "Secret Weapon" (weapon) {pain, MR+ Int+3}
   (You found it on level 4 of the Dungeon)

   In the hands of one skilled in necromantic magic, it inflicts extra damage on
   living creatures.
   It affects your intelligence (+3).
   It affects your resistance to hostile enchantments.
 b - a +0 hand crossbow
 d - a +2 war axe of chopping
 w - a +0 morningstar
Missiles
 C - 75 bolts
 S - 7 javelins (quivered)
Armour
 y - a +1 shield of protection (worn)
 E - a scarf of repulsion (worn)
 G - a +2 hat (worn)
 N - a +0 pair of boots (worn)
 Q - a +0 pair of gloves (worn)
 U - a +0 plate armour of magic resistance (worn)
 X - a +0 large shield
Jewellery
 n - an amulet of the gourmand (around neck)
 I - a ring of stealth (left hand)
 M - a ring of protection from magic (right hand)
Wands
 m - a wand of acid (16)
 B - a wand of paralysis (19)
 J - a wand of disintegration (11)
 O - a wand of digging (17)
 P - a wand of enslavement (6)
Scrolls
 e - a scroll of immolation
 f - 5 scrolls of teleportation
 g - a scroll of enchant armour {unknown}
 j - 5 scrolls of enchant weapon
 k - 18 scrolls of remove curse
 p - a scroll of holy word
 s - 7 scrolls of fog
 x - a scroll of silence
 F - 2 scrolls of magic mapping
 H - 4 scrolls of blinking
 L - a scroll of summoning
 T - a scroll of brand weapon
Potions
 h - 5 potions of haste
 l - a potion of brilliance
 o - a potion of invisibility
 q - 3 potions of flight
 t - 12 potions of curing
 u - 3 potions of ambrosia
 v - 2 potions of cancellation
 z - 4 potions of mutation
 D - a potion of might
 K - 10 potions of heal wounds
 W - a potion of agility
Miscellaneous
 r - a box of beasts
 V - a phantom mirror
Comestibles
 c - 45 rations
 i - 21 chunks of flesh


   Skills:
 + Level 14.2 Fighting
 - Level 16.0 Axes
   Level 8.1 Slings
 * Level 4.2 Crossbows
 + Level 14.3 Armour
 - Level 6.1 Dodging
 * Level 13.7 Shields
 - Level 4.0 Evocations


You had 14 spell levels left.
You didn't know any spells.
Your spell library was empty.

Dungeon Overview and Level Annotations

Branches:
Dungeon (14/15)            Temple (0/1) D:6            Lair (6/6) D:9
  Swamp (0/4) Lair:2       Spider (0/4) Lair:4        Slime (0/5) Lair:6
    Orc (0/2) D:12         Vaults (0/5) D:13

Altars:
Elyvilon
Kikubaaqudgha
Nemelex Xobeh
Ru
The Shining One
Beogh

Shops:
D:6 [   D:8 (!*   D:10 (   D:12 *

Annotations:
D:2 exclusion: downstairs
Lair:2 exclusion: 2 oklob plants


Innate Abilities, Weirdness & Mutations

You reflexively headbutt those who attack you in melee.
You have a pair of horns on your head.


Message History

The cyan ugly thing basks in the mutagenic energy from its kin and changes!
Your skin crawls.
You feel resistant to hostile enchantments.
You feel quite a bit less full.
You feel the effects of Trog's Hand fading.
The brown ugly thing gurgles horribly!
You block the cyan ugly thing's attack. The cyan ugly thing punches you!
The cyan ugly thing shocks you!
* * * LOW HITPOINT WARNING * * *
You block the cyan ugly thing's attack.
The cyan ugly thing basks in the mutagenic energy from its kin and changes!
A cyan ugly thing comes into view.
The cyan ugly thing tail-slaps you.
* * * LOW HITPOINT WARNING * * *
The cyan ugly thing shocks you!
* * * LOW HITPOINT WARNING * * *
You block the cyan ugly thing's attack. The cyan ugly thing pecks you.
* * * LOW HITPOINT WARNING * * *
The cyan ugly thing shocks you!
You die...

# #.# ####'###### #.#
#..# ##.# ####(#####
#..)[).... ########+####
#..))))... #...........#
#.........
+..$....u...###.........
#.....u@u...#.'.........
#.....uuu...'.#.........
#$.....u....###.........
#...........# #.........
#...........# ######+###
#......u....#
######.u##### #u## ..


You could see 10 ugly things.

Vanquished Creatures
  Rupert (Lair:4)
  A tentacled monstrosity (D:13)
  2 very ugly things (D:13)
  4 dire elephants (Lair:6)
  Josephine (D:11)
  Erolcha (D:9)
  A vault guard (D:13)
  3 catoblepae
  An anaconda (Lair:6)
  2 two-headed ogres
  4 centaur warriors (D:13)
  5 hydras
  10 death yaks
  Urug (Lair:4)
  4 unseen horrors
  An ugly thing (D:12)
  A deep elf mage (D:14)
  4 cyclopes
  A manticore (D:11)
  4 centaur zombies
  An ice statue (D:9)
  4 elephants (Lair:6)
  4 black mambas
  11 spiny frogs
  A rime drake (Lair:2)
  8 komodo dragons
  An efreet (D:13)
  3 demonic crawlers (D:13)
  4 trolls
  A queen bee (D:9)
  4 polar bears
  2 tyrant leeches (Lair:2)
  5 blink frogs (Lair:1)
  8 slime creatures
  A dream sheep (Lair:4)
  16 hippogriffs
  Sigmund (D:3)
  A redback (Lair:4)
  A vampire (D:13)
  5 wraiths (D:11)
  20 yaks
  4 wyverns
  4 basilisks
  Grum (D:11)
  3 hungry ghosts
  A chaos spawn (D:13)
  A neqoxec (D:13)
  Edmund (D:5)
  2 swamp worms (Lair:2)
  11 water moccasins
  2 acid dragons (D:13)
  9 porcupines
  17 ice beasts
  2 black bears
  17 orc warriors
  3 sky beasts
  2 necrophages
  4 ogres
  A phantom (D:9)
  23 wolves
  19 centaurs
  5 small abominations (D:13)
  10 crocodiles
  A big kobold (D:13)
  19 bullfrogs
  A water moccasin zombie (D:9)
  3 scorpions
  20 killer bees
  6 howler monkeys
  An electric eel (D:12)
  2 spriggan skeletons (D:13)
  7 crimson imps
  A quasit (D:6)
  5 jellies
  A bullfrog skeleton (D:13)
  6 centaur skeletons
  10 orc priests
  Crazy Yiuf (D:7)
  6 hounds
  6 orc wizards
  3 iguanas
  2 worker ants
  2 hound skeletons (D:4)
  8 mummies (Ossuary)
  A worker ant zombie (D:11)
  10 adders
  A shadow imp (D:5)
  A white imp (D:12)
  2 ufetubi (D:12)
  2 oozes (D:4)
  An adder zombie (D:9)
  4 worms
  A dart slug (D:3)
  6 leopard geckos
  60 orcs
  A ball python (D:3)
  5 bats
  6 giant cockroaches
  11 goblins
  3 hobgoblins
  6 jackals
  8 kobolds
  7 quokkas
  2 frilled lizards
  5 hobgoblin zombies (Ossuary)
  A kobold zombie (Ossuary)
  2 orc zombies (Ossuary)
  5 rats
  4 butterflies
  4 fungi
  2 plants (Lair:6)
568 creatures vanquished.

Vanquished Creatures (collateral kills)
  Sonja (Lair:1)
1 creature vanquished.

Vanquished Creatures (others)
  A quokka (D:5)
  2 bushes
  7 fungi
  7 plants
17 creatures vanquished.

Grand Total: 586 creatures vanquished

Notes
Turn   | Place    | Note
-------+----------+-------------------------------------------
     0 | D:1      | bbtc the Minotaur Berserker began the quest for the Orb.
     0 | D:1      | Reached XP level 1. HP: 19/19 MP: 0/0
   230 | D:1      | Reached XP level 2. HP: 27/27 MP: 1/1
   706 | D:2      | Reached skill level 4 in Axes
   966 | D:2      | Reached XP level 3. HP: 33/33 MP: 2/2
  1078 | D:2      | Found an ancient bone altar of Kikubaaqudgha.
  1363 | D:3      | Noticed Sigmund
  1634 | D:3      | Reached XP level 4. HP: 40/40 MP: 3/3
  1674 | D:3      | Killed Sigmund
  1674 | D:3      | Reached ** piety under Trog
  1674 | D:3      | Reached skill level 5 in Axes
  1674 | D:3      | Reached skill level 1 in Slings
  1674 | D:3      | Reached XP level 5. HP: 47/47 MP: 4/4
  1989 | D:3      | Reached XP level 6. HP: 53/53 MP: 5/5
  2364 | D:4      | Reached skill level 5 in Fighting
  2364 | D:4      | Reached skill level 6 in Axes
  2686 | D:4      | Got a transparent war axe
  2687 | D:4      | Identified the cursed +3 war axe "Secret Weapon" {pain, MR+
                  | Int+3} (You found it on level 4 of the Dungeon)
  2808 | D:4      | Found a sacrificial altar of Ru.
  2919 | D:5      | Entered Level 5 of the Dungeon
  2969 | D:5      | Found a sand-covered staircase.
  3010 | Ossuary  | Entered an ossuary
  3021 | Ossuary  | Reached *** piety under Trog
  3080 | Ossuary  | Reached XP level 7. HP: 40/61 MP: 6/6
  3443 | D:5      | Found a white marble altar of Elyvilon.
  3445 | D:5      | Noticed Edmund
  3494 | D:5      | Killed Edmund
  3826 | D:5      | Reached skill level 7 in Axes
  3826 | D:5      | Reached skill level 5 in Armour
  4145 | D:6      | Reached XP level 8. HP: 56/70 MP: 7/7
  4449 | D:6      | Found a staircase to the Ecumenical Temple.
  4451 | D:6      | Reached skill level 1 in Shields
  4523 | D:6      | Reached skill level 8 in Axes
  4643 | D:6      | Found Fesuf's Armour Shop.
  4646 | D:6      | Bought a +2 hat for 224 gold pieces
  4646 | D:6      | Bought a +2 buckler for 231 gold pieces
  4796 | D:6      | Found a sparkling altar of Nemelex Xobeh.
  5349 | D:7      | Found a runed translucent door.
  5350 | D:7      | Noticed Crazy Yiuf
  5360 | D:7      | Killed Crazy Yiuf
  5718 | D:8      | Found Xejixaxt's Distillery.
  5718 | D:8      | Noticed a hippogriff
  5730 | D:8      | Killed a hippogriff
  5730 | D:8      | Reached skill level 9 in Axes
  5792 | D:8      | Bought a potion of curing for 42 gold pieces
  5792 | D:8      | Bought a potion of might for 56 gold pieces
  5792 | D:8      | Bought a potion of curing for 42 gold pieces
  5792 | D:8      | Bought a potion of curing for 42 gold pieces
  5796 | D:8      | Found Haceceb's Antique Weapon Boutique.
  5918 | D:8      | Reached XP level 9. HP: 78/79 MP: 8/8
  5935 | D:8      | Reached skill level 1 in Evocations
  6189 | D:8      | Found Feojineh's General Store.
  6768 | D:9      | Reached skill level 10 in Axes
  7183 | D:9      | Reached **** piety under Trog
  7183 | D:9      | Received a gift from Trog
  7189 | D:9      | Noticed an ice statue
  7641 | D:9      | Killed an ice statue
  7658 | D:9      | Reached XP level 10. HP: 76/87 MP: 12/12
  7751 | D:9      | Found a staircase to the Lair.
  7781 | D:9      | Noticed Erolcha
  7781 | D:9      | Noticed a two-headed ogre
  7803 | D:9      | Killed a two-headed ogre
  7803 | D:9      | Reached skill level 5 in Dodging
  7807 | D:9      | Killed Erolcha
  7807 | D:9      | Reached skill level 5 in Slings
  7958 | D:9      | Reached skill level 11 in Axes
  8904 | D:10     | Entered Level 10 of the Dungeon
  9366 | D:10     | Found Ruer Ziu's Weapon Shop.
  9700 | D:11     | Noticed a manticore
  9712 | D:11     | Killed a manticore
  9811 | D:11     | Reached XP level 11. HP: 96/96 MP: 13/13
  9907 | D:11     | Reached skill level 12 in Axes
 10044 | D:11     | Noticed Josephine
 10053 | D:11     | Killed Josephine
 10061 | D:11     | Reached skill level 10 in Fighting
 10067 | D:11     | Reached skill level 10 in Armour
 10241 | D:11     | Noticed a two-headed ogre
 10266 | D:11     | Killed a two-headed ogre
 10367 | D:11     | Noticed Grum
 10382 | D:11     | Killed Grum
 10520 | D:8      | Bought a +1 shield of protection for 198 gold pieces
 10594 | Lair:1   | Entered Level 1 of the Lair of Beasts
 10630 | Lair:1   | Noticed Sonja
 10683 | Lair:1   | Killed Sonja
 10922 | Lair:1   | Reached skill level 5 in Shields
 11217 | Lair:1   | Reached XP level 12. HP: 109/109 MP: 14/14
 11709 | Lair:2   | Received a gift from Trog
 11904 | Lair:2   | Noticed an eight-headed hydra
 11913 | Lair:2   | Killed an eight-headed hydra
 12038 | Lair:2   | Noticed a six-headed hydra
 12053 | Lair:2   | Killed a six-headed hydra
 12053 | Lair:2   | Reached skill level 13 in Axes
 12336 | Lair:2   | Received a gift from Trog
 12430 | Lair:2   | Found a staircase to the Swamp.
 13106 | Lair:3   | You fall through a shaft for 3 floors!
 13106 | Lair:6   | Entered Level 6 of the Lair of Beasts
 13328 | Lair:4   | Noticed Urug
 13344 | Lair:4   | Killed Urug
 13362 | Lair:4   | Received a gift from Trog
 13595 | Lair:3   | Reached skill level 14 in Axes
 13895 | Lair:3   | Noticed a four-headed hydra
 13913 | Lair:3   | Killed a four-headed hydra
 13913 | Lair:3   | Reached XP level 13. HP: 74/117 MP: 15/15
 14169 | Lair:3   | Found the +10 dark maul {crush}
 14577 | Lair:4   | Noticed Rupert
 14590 | Lair:4   | Killed Rupert
 14924 | Lair:4   | Reached skill level 10 in Shields
 15345 | Lair:4   | Found a hole to the Spider Nest.
 16559 | Lair:6   | Reached skill level 15 in Axes
 16622 | Lair:6   | Received a gift from Trog
 17289 | Lair:6   | Found a staircase to the Slime Pits.
 17789 | Lair:6   | Noticed a dire elephant
 17799 | Lair:6   | Killed a dire elephant
 17799 | Lair:6   | Reached XP level 14. HP: 128/128 MP: 16/16
 17839 | Lair:6   | Found the +8 arc blade {discharge, rElec}
 17857 | Lair:6   | Received a gift from Trog
 18471 | D:8      | Bought a potion of haste for 120 gold pieces
 18471 | D:8      | Bought a potion of agility for 48 gold pieces
 18714 | D:12     | Found a roughly hewn altar of Beogh.
 18714 | D:12     | Found a staircase to the Orcish Mines.
 18913 | D:12     | Found a frozen archway.
 18939 | D:12     | Reached skill level 16 in Axes
 19040 | D:12     | Received a gift from Trog
 19440 | D:12     | Found Suish's Pet Rocks.
 19735 | D:12     | Found a gateway to a bazaar.
 19747 | Bazaar   | Entered a bazaar
 19747 | Bazaar   | Found Meothuel's Book Shoppe.
 19747 | Bazaar   | Found Waseghoc's Assorted Antiques.
 19762 | Bazaar   | Bought a scroll of blinking for 120 gold pieces
 19762 | Bazaar   | Bought a scroll of identify for 32 gold pieces
 19762 | Bazaar   | Bought 2 potions of heal wounds for 160 gold pieces
 19847 | D:13     | Received a gift from Trog
 20322 | D:13     | Reached skill level 1 in Crossbows
 20329 | D:13     | Reached ***** piety under Trog
 20544 | D:13     | Found a runed translucent door.
 20636 | D:13     | Received a gift from Trog
 20883 | D:13     | Found a gate to the Vaults.
 21111 | D:13     | Noticed a tentacled monstrosity
 21122 | D:13     | Killed a tentacled monstrosity
 21276 | D:13     | Noticed a red very ugly thing
 21281 | D:13     | Killed a red very ugly thing
 21435 | D:13     | Noticed a red very ugly thing
 21442 | D:13     | Killed a red very ugly thing
 21799 | D:14     | Found a glowing golden altar of the Shining One.
 21832 | D:14     | Received a gift from Trog
 21832 | D:14     | Reached XP level 15. HP: 137/137 MP: 17/17
 21892 | D:14     | Received a gift from Trog
 21999 | D:14     | Slain by a cyan ugly thing

Skill      XL: |  1  2  3  4  5  6  7  8  9 10 11 12 13 14 15 |
---------------+----------------------------------------------+-----
Axes           | 4 5 6 7 9 10 11 12 14 15 16 | 16.0
Fighting       | 4 5 6 7 8 9 11 12 13 14 | 14.2
Armour         | 3 4 5 6 8 9 11 12 13 14 | 14.3
Slings         | 1 2 3 4 6 8 |  8.1
Dodging        | 3 4 5 6 |  6.1
Shields        | 4 5 9 11 13 | 13.7
Evocations     | 4 |  4.0
Crossbows      | 3 4 |  4.2

Action                   |  1- 3 |  4- 6 |  7- 9 | 10-12 | 13-15 || total
-------------------------+-------+-------+-------+-------+-------++-------
Melee: Hand axe          |    67 |    24 |       |       |       ||    91
       Headbutt          |     7 |    13 |    52 |   107 |   238 ||   417
       War axe           |       |    81 |   251 |   494 |   824 ||  1650
       Morningstar       |       |       |       |    22 |    20 ||    42
 Fire: Hunting sling     |       |     1 |    58 |    33 |    59 ||   151
       Hand crossbow     |       |       |       |       |     3 ||     3
Invok: Berserk           |       |     5 |     4 |    12 |    21 ||    42
       Trog's Hand       |       |     2 |     3 |    11 |    14 ||    30
       Brothers in Arms  |       |       |       |     2 |     1 ||     3
  Use: Scroll            |     5 |     3 |    10 |     9 |     7 ||    34
       Potion            |       |     1 |       |       |     2 ||     3
 Stab: Distracted        |       |       |       |     1 |       ||     1
       Petrified         |       |       |       |       |     7 ||     7
  Eat: Chunk             |     2 |    10 |    14 |    42 |    57 ||   125
       Ration            |       |       |     1 |     2 |       ||     3
Armor: Leather armour    |    15 |     4 |       |       |       ||    19
       Chain mail        |       |    32 |    96 |   249 |   169 ||   546
       Plate armour      |       |       |       |       |   235 ||   235
Dodge: Dodged            |    37 |    49 |    90 |   210 |   166 ||   552
       Deflected         |       |       |     9 |     4 |    12 ||    25
Block: Buckler           |       |       |    49 |    91 |       ||   140
       Shield            |       |       |       |   171 |   455 ||   626
